 Dungeon Crawl Stone Soup version 0.24.1-11-gbbbb2193e6 (webtiles) character file.

Game seed: 8586109853266714734, levelgen mode: deterministic

112 Gwenloh the Poker (level 4, -5/35 HPs)
             Began as a Merfolk Skald on May 11, 2020.
             Slain by an orc priest
             ... wielding a +0 morningstar
              (9 damage)
             ... on level 3 of the Dungeon.
             The game lasted 00:07:11 (2387 turns).

Gwenloh the Poker (Merfolk Skald)                   Turns: 2387, Time: 00:07:12

Health: -5/35      AC:  5    Str: 11    XL:     4   Next: 95%
Magic:  0/7        EV: 13    Int: 13    God:
Gold:   112        SH:  0    Dex: 13    Spells: 2/7 levels left

rFire    . . .     SeeInvis .   a - +0 spear
rCold    . . .     Gourm    .   (no shield)
rNeg     . . .     Faith    .   b - +0 leather armour
rPois    .         Spirit   .   h - +2 hat
rElec    .         Reflect  .   (no cloak)
rCorr    .         Harm     .   (no gloves)
MR       .....                  (no boots)
Stlth    +.........             (no amulet)
HPRegen  0.11/turn              (no ring)
MPRegen  0.10/turn              (no ring)

@: infused, very slightly contaminated
A: change form in water, swift swim, stealthy swim
a: no special abilities


You were on level 3 of the Dungeon.
You were hungry.

You visited 1 branch of the dungeon, and saw 4 of its levels.

You collected 112 gold pieces.

Inventory:

Hand Weapons
 a - a +0 spear (weapon)
Missiles
 e - 36 stones (quivered)
 j - 3 silver javelins
 o - 3 atropa-tipped darts
Armour
 b - a +0 leather armour (worn)
 h - a +2 hat (worn)
Jewellery
 g - an uncursed ring of wizardry {unknown}
Scrolls
 c - 2 scrolls of enchant armour {unknown}
 f - 2 scrolls of remove curse {unknown}
 l - 2 scrolls of teleportation {unknown}
 m - 2 scrolls of identify {unknown}
Potions
 i - 2 potions of agility {unknown}
 k - a potion of resistance {unknown}
 n - a potion of degeneration {unknown}
 p - a potion of heal wounds {unknown}
Comestibles
 d - 5 rations
 q - 6 chunks of flesh


   Skills:
 + Level 3.0 Fighting
 * Level 4.7 Polearms
 + Level 1.0 Throwing
 - Level 0.6 Armour
 + Level 3.4 Dodging
 - Level 2.0 Spellcasting
 * Level 4.1 Charms


You had 2 spell levels left.
You knew the following spells:

 Your Spells              Type           Power        Failure   Level  Hunger
a - Infusion              Chrm           ##..         6%          1    ##.....
b - Song of Slaying       Chrm           ##......     10%         2    ###....
c - Shroud of Golubria    Chrm/Tloc      #.....       22%         2    ###....

Your spell library contained the following spells:

 Spells                   Type           Power        Failure   Level  Hunger
 Regeneration             Chrm/Necr      #.........   41%         3    ####...
 Spectral Weapon          Hex/Chrm       #.......     41%         3    ####...


Dungeon Overview and Level Annotations

Branches:
Dungeon (4/15)
 Temple: D:4-7

Altars:
Ashenzari


Message History

You hit the orc priest but do no damage.
The orc priest is severely wounded.
The bat barely misses you. The orc priest closely misses you.
You completely miss the orc priest.
The orc priest is severely wounded.
The bat closely misses you. The orc hits you with a +0 hand axe.
* * * LOW HITPOINT WARNING * * *
The orc priest misses you.
You barely miss the orc priest.
The orc priest is severely wounded.
The bat hits you but does no damage. The orc completely misses you.
The orc priest barely misses you. The bat barely misses you.
You hit the orc priest.
The orc priest is almost dead.
The bat closely misses you. The orc misses you.
You hit the orc priest but do no damage.
The orc priest is almost dead.
The bat closely misses you.
The orc priest hits you with a +0 morningstar!
You die...

# ##..##..# # #...##..#
###..# #..# # #####....#
#..##### .......#
#..##...
#b##...####..#....
.######.#..#..<....#..##
.......@o........#....##
..(.....o.#####.........
.##.......# #..###.###
#.......# .....# #.#
.(..(...(........ ...
###...$...#..##..#.....
####.#..... ...#......
#.###..##.......... #. .
.... ....


You could see an orc priest, an orc and a bat.

Vanquished Creatures
  Jessica (D:2)
  A worker ant (D:4)
  An adder (D:2)
  A worm (D:2)
  A dart slug (D:3)
  A leopard gecko (D:3)
  4 orcs
  6 goblins
  9 hobgoblins
  8 bats
  6 kobolds
  2 rats
41 creatures vanquished.

Notes
Turn   | Place    | Note
-------+----------+-------------------------------------------
     0 | D:1      | Gwenloh the Merfolk Skald began the quest for the Orb.
     0 | D:1      | Reached XP level 1. HP: 16/16 MP: 3/3
   271 | D:1      | Reached XP level 2. HP: 23/23 MP: 3/5
   290 | D:1      | Learned a level 2 spell: Song of Slaying
   293 | D:1      | Learned a level 2 spell: Shroud of Golubria
   988 | D:2      | Reached XP level 3. HP: 19/28 MP: 0/6
  1452 | D:2      | Noticed Jessica
  1464 | D:2      | Killed Jessica
  1464 | D:2      | Reached XP level 4. HP: 31/34 MP: 0/7
  1492 | D:2      | Found a shattered altar of Ashenzari.
  1494 | D:2      | You fall into a shaft and drop 2 floors!
  2254 | D:3      | Reached skill level 1 in Throwing
  2387 | D:3      | Slain by an orc priest

Levels and vault maps discovered:
D:1:      wander_arrival_peaceful_grave, layout_basic
D:2:      layout_rooms, nicolae_overflow_crystal_walls, serial_bayou_pond_d,
          uniq_jessica
D:3:      layout_rooms, lemuel_coloured_pillars_altar,
          chequers_ecumenical_altar_simple_redux, first_ration,
          minmay_crystal_room
D:4:      layout_basic, fountainhead

Skill      XL: |  1  2  3  4 |
---------------+-------------+-----
Dodging        | 3 |  3.4
Polearms       | 4 |  4.7
Charms         | 4 |  4.1
Fighting       | 3 |  3.0
Throwing       | 1 |  1.0
Armour         | |  0.6
Spellcasting   | |  2.0

Action                   |  1- 3 |  4- 6 || total
-------------------------+-------+-------++-------
Melee: Spear             |   115 |    61 ||   176
Throw: Stone             |    44 |    27 ||    71
       Dart              |       |     2 ||     2
 Cast: Infusion          |     5 |     4 ||     9
       Song of Slaying   |     2 |     1 ||     3
       Shroud of Golubri |     1 |     3 ||     4
  Eat: Chunk             |     2 |     3 ||     5
Armor: Leather armour    |    20 |    20 ||    40
Dodge: Dodged            |    53 |    55 ||   108
